AoeStats
← husung istanda_18

MegaRandom

507875967Analyzed
2v2 RM · 13d ago on Sep 20, 2026· 30m 28s· 4 players
Game mode
Random Map
Map size
Medium (4 player)
Population
200
Speed
Normal
Resources
Standard
Victory
Conquest
Starting age
Dark Age
Ending age
Imperial Age
RankedLock teamsTeams togetherTeam positionsShared explorationLock speedFull tech treeHidden civsTurbo modeCheats
Victory
Defeat
🇹🇼 Wei · Taiwan
700
+15
🇹🇼 Japanese · Taiwan
693
+16
🇲🇽 Teutons · Mexico
719
-17
🇺🇸 Armenians · United States
647
-14
husung istanda_18
11:24 Loom
13:09 Feudal Age
18:44 Castle Age
16:49 Man-at-Arms
17:46 Double-Bit Axe
18:15 Scale Mail Armor
18:19 Gold Mining
21:24 Gold Shaft Mining
21:10 Chain Mail Armor
21:06 Forging
26:40 Iron Casting
26:03 Arson
CC..CC
7:45 Loom
11:43 Feudal Age
12:09 Double-Bit Axe
17:46 Forging
17:38 Scale Mail Armor
26:06 Castle Age
26:07 Bloodlines
28:50 Gold Mining
AnarchistOwl
0:34 Loom
14:17 Feudal Age
14:54 Man-at-Arms
15:43 Long Swordsman
16:37 Arson
17:45 Scale Mail Armor
17:56 Forging
18:58 Wheelbarrow
18:43 Town Watch
19:00 Double-Bit Axe
27:18 Castle Age
28:12 Bow Saw
27:29 Two-Handed Swordsman
27:56 Gambesons
28:45 Chain Mail Armor
2022aoe2
0:30 Loom
15:41 Feudal Age
16:07 Double-Bit Axe
16:06 Horse Collar
18:24 Man-at-Arms
21:44 Gold Mining
23:59 Castle Age
Connection lost

Rejoining the realm…

Still unreachable

The connection could not be restored.

Session expired

The server has moved on; the page needs a fresh start.